 Dungeon Crawl Stone Soup version 0.21.1-1-g345015f (webtiles) character file.

128 wojtek the Chopper (level 4, -4/39 HPs)
             Began as a Minotaur Fighter on July 13, 2018.
             Slain by Sigmund
             ... wielding a +0 scythe
              (7 damage)
             ... on level 3 of the Dungeon.
             The game lasted 00:02:36 (1297 turns).

wojtek the Chopper (Minotaur Fighter)               Turns: 1297, Time: 00:02:37

Health: -4/39      AC:  9    Str: 21    XL:     4   Next: 87%
Magic:  3/3        EV:  5    Int:  5    God:
Gold:   73         SH:  9    Dex: 10    Spells: 3/3 levels left

rFire    . . .     SeeInvis .   a - +0 war axe
rCold    . . .     Gourm    .   c - +0 shield
rNeg     . . .     Faith    .   i - +0 chain mail
rPois    .         Spirit   .   (helmet restricted)
rElec    .         Reflect  .   (no cloak)
rCorr    .         Harm     .   (no gloves)
MR       .....                  (no boots)
Stlth    ..........             (no amulet)
HPRegen  0.13/turn              (no ring)
MPRegen  0.08/turn              (no ring)

@: no status effects
A: retaliatory headbutt, horns 2
a: no special abilities


You were on level 3 of the Dungeon.
You were not hungry.

You visited 1 branch of the dungeon, and saw 4 of its levels.

You collected 73 gold pieces.

Inventory:

Hand Weapons
 a - a +0 war axe (weapon)
Armour
 c - a +0 shield (worn)
 i - a +0 chain mail (worn)
Scrolls
 e - 2 scrolls of immolation {unknown}
 g - a scroll of enchant armour {unknown}
 h - a scroll of amnesia {unknown}
 m - 2 scrolls of remove curse {unknown}
Potions
 b - a potion of invisibility {unknown}
 d - a potion of might
 j - a potion of flight {unknown}
 k - a potion of cancellation {unknown}
 l - a potion of resistance {unknown}
Comestibles
 f - 3 rations


   Skills:
 + Level 3.6 Fighting
 + Level 6.2 Axes
 + Level 3.6 Armour
 + Level 0.0 Dodging
 + Level 3.6 Shields


You had 3 spell levels left.
You didn't know any spells.

Dungeon Overview and Level Annotations

Branches:
Dungeon (4/15)
 Temple: D:4-7

Altars:
Xom

Annotations:
D:3 Sigmund


Innate Abilities, Weirdness & Mutations

You reflexively headbutt those who attack you in melee.
You have a pair of horns on your head.


Message History

You miss something. Something hits you but does no damage.
You closely miss something. Your headbutt misses something.
You closely miss something. Something hits you but does no damage.
You barely miss something. Something hits you but does no damage.
You closely miss something. Something hits you but does no damage.
You closely miss something. Something completely misses you.
You closely miss something. Your headbutt misses something. Something hits you.
You closely miss something. Something hits you.
You barely miss something. You headbutt something.
You hear some strange, mumbled words.
You are confused.
Something hits you!
* * * LOW HITPOINT WARNING * * *
Things that are here:
a dagger; a kobold corpse; a bat corpse You bump into the rock wall.
Something hits you but does no damage. Something hits you but does no damage.
You feel less confused. Something hits you!
You die...

.####.# #..# # ..
##.# .###### ### #.#
##......# #.#
##........ #(#
#...(..... #.#
#.........
#.........
#.........
#########.@.......
#.......).........
....#######{........
. #.........
#.........
#.........
#.......).
##......!. #...$..


There were no monsters in sight!

Vanquished Creatures
  An orc priest (D:3)
  An orc wizard (D:3)
  A gnoll (D:3)
  An adder skeleton (D:4)
  A worm (D:3)
  3 dart slugs (D:1)
  2 leopard geckos (D:1)
  5 orcs
  3 giant cockroaches
  5 goblins (D:1)
  3 hobgoblins
  2 quokkas (D:3)
  8 bats
  4 frilled lizards
  6 kobolds
  A rat (D:3)
47 creatures vanquished.

Notes
Turn   | Place    | Note
-------+----------+-------------------------------------------
     0 | D:1      | wojtek the Minotaur Fighter began the quest for the Orb.
     0 | D:1      | Reached XP level 1. HP: 19/19 MP: 0/0
    42 | D:1      | Reached skill level 3 in Axes
    44 | D:1      | Reached XP level 2. HP: 17/26 MP: 1/1
   264 | D:1      | Reached skill level 4 in Axes
   351 | D:1      | Reached XP level 3. HP: 30/31 MP: 2/2
   513 | D:1      | Found a shimmering altar of Xom.
   636 | D:2      | You fall through a shaft for 2 floors!
   723 | D:3      | Reached skill level 5 in Axes
   723 | D:3      | Reached XP level 4. HP: 7/39 MP: 3/3
  1031 | D:3      | Reached skill level 6 in Axes
  1262 | D:3      | Noticed Sigmund
  1297 | D:3      | Slain by Sigmund

Skill      XL: |  1  2  3  4 |
---------------+-------------+-----
Axes           | 3 4 5 6 |  6.2
Fighting       | |  3.6
Armour         | |  3.6
Shields        | |  3.6

Action                   |  1- 3 |  4- 6 || total
-------------------------+-------+-------++-------
Melee: War axe           |    72 |    44 ||   116
       Headbutt          |     9 |     4 ||    13
  Eat: Chunk             |       |     1 ||     1
Armor: Scale mail        |    23 |       ||    23
       Chain mail        |    28 |    24 ||    52
Dodge: Dodged            |    22 |     8 ||    30
Block: Shield            |    44 |    23 ||    67
